 Seeded DCSS version 0.29-a0-664-gff9cad4a3d (webtiles) character file.

Game seed: 12781424815227474791 (custom seed)

146 zeratav the Cudgeller (level 5, -3/54 HPs)
             Began as an Ogre Fighter on June 22, 2022.
             Slain by Sigmund
             ... wielding a +2 scythe of freezing
              (6 damage)
             ... on level 3 of the Dungeon.
             The game lasted 00:05:21 (3189 turns).

zeratav the Cudgeller (Ogre Fighter)                Turns: 3189, Time: 00:05:22

Health: -3/54      AC:  3    Str: 22    XL:     5   Next: 28%
Magic:  5/5        EV:  8    Int:  9    God:
Gold:   132        SH:  0    Dex:  8    Spells: 4/4 levels left

rFire   . . .      SeeInvis .   a - +0 flail {mace}
rCold   . . .      Faith    .   c - +0 kite shield
rNeg    . . .      Spirit   .   b - +0 robe
rPois   .          Reflect  .   (helmet restricted)
rElec   .          Harm     .   (no cloak)
rCorr   .          Rampage  .   (gloves unavailable)
Will    .....                   (boots unavailable)
Stlth   +.........              (no amulet)
HPRegen 0.18/turn               (no ring)
MPRegen 0.09/turn               (no ring)

@: confused
A: large, unfitting armour, tough skin 1
a: no special abilities


You were on level 3 of the Dungeon.
You visited 1 branch of the dungeon, and saw 3 of its levels.

You collected 132 gold pieces.


Innate Abilities, Weirdness & Mutations

You are too large for most types of armour.
You have tough skin. (AC +1)


   Skills:
 - Level 4.0 Fighting
 + Level 4.8 Maces & Flails
 - Level 2.6 Dodging
 - Level 3.0 Shields


You had 4 spell levels left.
You didn't know any spells.
Your spell library contained the following spells:

 Spells                   Type           Power      Damage    Failure   Level
 Summon Small Mammal      Summ           0%         N/A       67%         1
 Call Canine Familiar     Summ           0%         N/A       96%         3
 Summon Guardian Golem    Hex/Summ       0%         N/A       96%         3

Inventory:

Hand Weapons
 a - a +0 flail (weapon) {mace}
Armour
 b - a +0 robe (worn)
 c - a +0 kite shield (worn)
Jewellery
 k - an amulet of faith {!P}
   (You found it on level 3 of the Dungeon)
 m - a ring of resist corrosion
   (You found it on level 3 of the Dungeon)
Scrolls
 e - 3 scrolls of identify {unknown}
 h - a scroll of teleportation {unknown}
 i - a scroll of brand weapon {unknown}
 l - a scroll of noise {unknown}
Potions
 d - 2 potions of might
 f - 2 potions of curing {@q1}
 g - 2 potions of lignification {unknown}
 j - a potion of attraction {unknown}

Dungeon Overview and Level Annotations

Branches:
Dungeon (3/15) Zot: 14761

Altars:

Annotations:
D:3 Sigmund

#.# #......#
#># #.####.##
#######.#
#.###...#
..#.....#.#
#.......#
(.#.....#.#
#####.@.#
........#|#
##.##
.......#.# #.#
#.....#r# #.#
..###...#@#
#.#
..........#
########)#
.#####.###
#.....{..# #.#
#.######.#
###.#####.####
#.#
#......{.....#
#.#
#.#.#####.##.#
#.# #.#.# #.#
# #.# # #.#
#.# #.#


You could see a rat.


Message History

You barely miss the gnoll. The gnoll barely misses you.
The gnoll hits you with a +0 whip!
HP[-6]
You take 6 damage, and now have 39/54 hp.
You barely miss the gnoll. You block the gnoll's attack.
You sock the gnoll!
You kill the gnoll!
You see here a +0 whip {mace}.
There is a stone staircase leading up, spattered with blood here.
You start resting.
HP[+15]
Your hp is fully restored (54).
m - a +3 spear {polearm}
Okay, then.
You drop a +3 spear {polearm}.
Things that are here:
5 stones {throwing}; a +0 dagger {short}
Found a stone staircase leading down.
There is a stone staircase leading down here.
Things that are here:
5 stones {throwing}; a +0 dagger {short} You see here a +3 spear {polearm}.
There is a stone staircase leading down here.
You see here a staff of cold {staff}.
An adder comes into view.
The adder hisses angrily.
You hear a shout!
Sigmund the Dreaded comes into view.
He is wielding a +2 scythe of freezing and wearing a +1 robe of resistance.
You see here a staff of cold {staff}.
The adder attacks as you move away! The adder bites you.
HP[-1]
You take 1 damage, and now have 53/54 hp.
You sock the adder! You block the adder's attack.
You miss the adder. The adder bites you but does no damage.
You block the adder's attack.
You hit the adder.
You kill the adder!
Sigmund mumbles some strange words.
Sigmund flickers and vanishes!
Deactivating autopickup; reactivate with Ctrl-A.
HP[+1]
Your hp is fully restored (54).
There is a stone staircase leading down here.
A puff of flame appears from out of thin air!
The puff of flame hits you!
HP[-7]
You take 7 damage, and now have 47/54 hp.
HP[+1] HP[+1] Sigmund gestures at you while chanting.
The magic dart hits you.
HP[-4]
You take 4 damage, and now have 45/54 hp.
You see here a +0 whip {mace}.
HP[+1]
Found an escape hatch in the floor.
You see here a ring of resist corrosion.
m - a ring of resist corrosion Sigmund gestures wildly while chanting.
Sigmund flickers and vanishes!
HP[+1]
You are confused.
You see here 16 gold pieces.
You now have 132 gold pieces (gained 16).
You bump into the rock wall.
HP[+1]
You bump into the rock wall.
You feel less confused.
HP[+1]
A rat comes into view.
The rat bites you but does no damage.
You closely miss the rat. The rat bites you but does no damage.
HP[+1]
You closely miss the rat.
You hear some strange, mumbled words.
You are confused.
The rat bites you but does no damage.
You completely miss the rat. The rat closely misses you. The rat bites you.
Something completely misses you.
HP[-2]
You take 2 damage, and now have 48/54 hp.
You bump into the rock wall.
The rat bites you.
HP[-2]
You take 2 damage, and now have 46/54 hp.
You hit the rat but do no damage. Something hits you! Something freezes you.
The rat closely misses you.
HP[-14]
You take 14 damage, and now have 32/54 hp.
MASSIVE DAMAGE!! (PAUSE)
You closely miss the rat. The rat barely misses you. Something hits you!
* * * LOW HITPOINT WARNING * * *
Something freezes you.
* * * LOW HITPOINT WARNING * * *
The rat bites you but does no damage.
HP[-16]
You take 16 damage, and now have 16/54 hp.
MASSIVE DAMAGE!! (PAUSE)
You bump into the rock wall.
Something hits you!
* * * LOW HITPOINT WARNING * * *
Something freezes you.
You die...

Skill      XL: |  1  2  3  4 |
---------------+-------------+-----
Maces & Flails | 2 3 4 |  4.8
Fighting       | |  4.0
Dodging        | |  2.6
Shields        | |  3.0

Action                   |  1- 3 |  4- 6 || total
-------------------------+-------+-------++-------
Melee: Flail             |    35 |    80 ||   115
  Use: Potion            |       |     1 ||     1
 Stab: Sleeping          |       |     1 ||     1
Armor: Robe              |    17 |    18 ||    35
Dodge: Dodged            |    19 |    32 ||    51
Block: Kite shield       |    20 |    20 ||    40

Levels and vault maps discovered:
D:1:      zaba_arrival_water, layout_loops_ring, ebering_ecumenical_altar_webs,
          item_on_display_a
D:2:      layout_basic, interstate_on_off, hangedman_abyss_or_decor_lesser_grid,
          minmay_domino_2
D:3:      layout_loops_ring, mainiacjoe_overflow_alcove_1,
          overflow_temple_1_default, lemuel_doored_altar, gammafunk_ghost_split,
          minmay_checkerbox, uniq_sigmund, uniq_grinder

Notes
Turn   | Place    | Note
-------+----------+-------------------------------------------
     0 | D:1      | zeratav the Ogre Fighter began the quest for the Orb.
     0 | D:1      | Reached XP level 1. HP: 24/24 MP: 1/1
     0 | D:1      | magus.rc [v1.9.6]
   142 | D:1      | Reached skill level 2 in Maces & Flails
   254 | D:1      | Found a faded altar of an unknown god.
   421 | D:1      | Reached XP level 2. HP: 29/32 MP: 2/2
   789 | D:2      | Noticed a scorpion
   799 | D:2      | HP: 5/32 [poisoned by a scorpion]
   800 | D:2      | Killed a scorpion
   800 | D:2      | HP: 2/32 [poisoned by a scorpion]
   801 | D:2      | Reached skill level 3 in Maces & Flails
   801 | D:2      | Reached XP level 3. HP: 3/39 MP: 3/3
   801 | D:2      | Reached XP level 4. HP: 4/48 MP: 4/4
  1247 | D:2      | Reached skill level 4 in Maces & Flails
  1488 | D:2      | You pick up a book of Callings and begin reading...
  1488 | D:2      | You add the spells Summon Small Mammal, Call Canine
                  | Familiar and Summon Guardian Golem to your library.
  2005 | D:3      | HP: 12/48 [gnoll/+3 spear (5)]
  2401 | D:3      | Reached XP level 5. HP: 22/54 MP: 5/5
  2656 | D:3      | HP: 13/54 [gnoll/+3 spear (8)]
  3117 | D:3      | Noticed Sigmund
  3189 | D:3      | HP: 3/54 [something (13)]
  3189 | D:3      | Slain by Sigmund

Vanquished Creatures
  A scorpion (D:2)
  3 gnolls (D:3)
  3 adders
  3 dart slugs
  3 giant cockroaches
  A hobgoblin (D:1)
  2 jackals (D:2)
  2 ball pythons (D:2)
  2 bats (D:2)
  A frilled lizard (D:2)
  3 goblins
  5 kobolds
  4 rats
33 creatures vanquished.

Table legend:
 A = Non-vault XP
 B = Vault XP
 C = Vault XP percentage of total XP
 D = Non-vault monster count
 E = Vault monster count
 F = Vault count percentage of total count
                 A         B        C        D         E       F
            +---------+---------+-------+---------+---------+-------
      Total |     208 |       1 |   0.5 |      32 |       1 |   3.0
            +---------+---------+-------+---------+---------+-------
        D:1 |      11 |       0 |   0.0 |       7 |       0 |   0.0
        D:2 |     115 |       1 |   0.9 |      15 |       1 |   6.2
        D:3 |      82 |       0 |   0.0 |      10 |       0 |   0.0
            +---------+---------+-------+---------+---------+-------

Illustrated notes

Table legend:
 A = Kills in this place as a percentage of kills in entire the game.
 B = Kills by you in this place as a percentage of kills by you in the entire game.
 C = Kills by friends in this place as a percentage of kills by friends in the entire game.
 D = Other kills in this place as a percentage of other kills in the entire game.
 E = Experience gained in this place as a percentage of experience gained in the entire game.
 F = Experience gained in this place divided by the number of levels of this place that you have seen.
                   A       B       C       D       E      F
               +-------+-------+-------+-------+-------+----------------------
         Total | 100.0 | 100.0 |   N/A |   N/A | 100.0 |  69.7
       Dungeon | 100.0 | 100.0 |   N/A |   N/A | 100.0 |  69.7
               +-------+-------+-------+-------+-------+----------------------

Table legend: (Time is in decaauts)
 A = Elapsed time spent in this place.
 B = Non-inter-level travel time spent in this place.
 C = Inter-level travel time spent in this place.
 D = Time resting spent in this place.
 E = Time spent auto-exploring this place.
 F = Levels seen in this place.
 G = Mean time per level.
                   A        B        C        D        E       F      G
               +--------+--------+--------+--------+--------+-----+--------+
         Total |   3238 |   2951 |    287 |   1120 |   1223 |   3 | 1079.3 |
       Dungeon |   3238 |   2951 |    287 |   1120 |   1223 |   3 | 1079.3 |
               +--------+--------+--------+--------+--------+-----+--------+

Top non-repeatable levels by time:
     D:2: 1904 daAuts
     D:1: 807 daAuts
     D:3: 526 daAuts
